MLB
CLEVELAND INDIANS @ BOSTON RED SOX
03/15/2068
 
TOP OF THE 1ST
Cleveland Indians batting - Pitching for Boston Red Sox : RHP Edgar Santiago
Pitching: RHP Edgar Santiago
Batting: LHB Jose Lombana 0-0: Called Strike
0-1: Ground out 4-3 (Groundball, 34, EV 89.4 MPH)
Batting: LHB Bobby Snooks 0-0: Called Strike
0-1: Foul Ball, location: 2F
0-2: Ball
1-2: Ball
2-2: Foul Ball, location: 2F
2-2: Ball
3-2: Ground out 4-3 (Groundball, 4, EV 84.4 MPH)
Batting: LHB Juan Ortiz 0-0: Called Strike
0-1: Ball
1-1: Ball
2-1: Foul Ball, location: 2F
2-2: Strikes out swinging
Top of the 1st over - 0 runs, 0 hits, 0 errors, 0 left on base; Cleveland 0 - Boston 0
BOTTOM OF THE 1ST
Boston Red Sox batting - Pitching for Cleveland Indians : RHP Justin Thompson
Pitching: RHP Justin Thompson
Batting: RHB Mario Baro 0-0: Ball
1-0: SINGLE (Line Drive, 89M, EV 106.2 MPH)
Batting: RHB Jonathan Sotolongo 0-0: Sac Bunt to P - play at first, batter OUT! 1-3
Mario Baro to second
Batting: RHB Justin Welsh 0-0: Called Strike
0-1: Ball
1-1: Foul Ball, location: 2F
1-2: Ball
2-2: Strikes out swinging
Batting: RHB D.J. Byington 0-0: Ball
1-0: Called Strike
1-1: Ball
2-1: Ball
3-1: Base on Balls
Batting: RHB Lazaro Garcia 0-0: Fielders Choice at 2nd, 6-4 (Groundball, 6, EV 102.5 MPH)
Bottom of the 1st over - 0 runs, 1 hit, 0 errors, 2 left on base; Cleveland 0 - Boston 0
TOP OF THE 2ND
Cleveland Indians batting - Pitching for Boston Red Sox : RHP Edgar Santiago
Batting: LHB Rodolfo Barbosa 0-0: Foul Ball, location: 2F
0-1: Swinging Strike
0-2: Ball
1-2: Fly out, F2 (Popup, 25F, EV 83.1 MPH)
Batting: SHB Matt Slay 0-0: Called Strike
0-1: Ball
1-1: Foul Ball, location: 2F
1-2: Foul Ball, location: 2F
1-2: Ball
2-2: Ball
3-2: Foul Ball, location: 2F
3-2: Base on Balls
Batting: LHB Jeff Franklin 0-0: Called Strike
0-1: Called Strike
0-2: Foul Ball, location: 2F
0-2: Ball
1-2: Strikes out swinging
Batting: LHB Sean Skinner 0-0: Called Strike
0-1: Ball
Matt Slay steals 2nd base
1-1: Ground out U3 (Groundball, 3L, EV 106.2 MPH)
Top of the 2nd over - 0 runs, 0 hits, 0 errors, 1 left on base; Cleveland 0 - Boston 0
BOTTOM OF THE 2ND
Boston Red Sox batting - Pitching for Cleveland Indians : RHP Justin Thompson
Batting: RHB Mike Ayala 0-0: Ball
1-0: Ball
2-0: Ground out 6-3 (Groundball, 6, EV 105.6 MPH)
Batting: LHB Andy Shirey 0-0: Ball
1-0: Called Strike
1-1: Ball
2-1: Foul Ball, location: 2F
2-2: Ball
3-2: Foul Ball, location: 2F
3-2: Ground out U3 (Groundball, 34S, EV 76.2 MPH)
Batting: RHB Bobby Brown 0-0: SINGLE (Line Drive, 9S, EV 103.8 MPH)
Batting: RHB Gilberto Silva 0-0: Ball
1-0: Ball
2-0: Ball
3-0: Swinging Strike
3-1: Ground out 5-3 (Groundball, 56S, EV 88.1 MPH)
Bottom of the 2nd over - 0 runs, 1 hit, 0 errors, 1 left on base; Cleveland 0 - Boston 0
TOP OF THE 3RD
Cleveland Indians batting - Pitching for Boston Red Sox : RHP Edgar Santiago
Batting: RHB Roberto Lopes 0-0: Ball
1-0: SOLO HOME RUN (Flyball, 7D, EV 108.8 MPH), Distance : 423 ft
Batting: RHB Brian Hollinger 0-0: Called Strike
0-1: Swinging Strike
0-2: Strikes out looking
Batting: LHB Jose Lombana 0-0: Called Strike
0-1: Ball
1-1: Called Strike
1-2: Ball
2-2: Ball
3-2: Fly out, F8 (Flyball, 8LD, EV 88.8 MPH)
Batting: LHB Bobby Snooks 0-0: Swinging Strike
0-1: Ball
1-1: Ball
2-1: Foul Ball, location: 2F
2-2: Foul Ball, location: 2F
2-2: Strikes out looking
Top of the 3rd over - 1 run, 1 hit, 0 errors, 0 left on base; Cleveland 1 - Boston 0
BOTTOM OF THE 3RD
Boston Red Sox batting - Pitching for Cleveland Indians : RHP Justin Thompson
Batting: RHB Mario Baro 0-0: Ball
1-0: Ball
2-0: Ball
3-0: Base on Balls
Batting: RHB Jonathan Sotolongo 0-0: Ball
1-0: Ball
2-0: Ball
3-0: Called Strike
3-1: Grounds into double play, 6-4-3 (Groundball, 6, EV 86.2 MPH)
Batting: RHB Justin Welsh 0-0: Ball
1-0: Foul Ball, location: 2F
1-1: Called Strike
1-2: SINGLE (Groundball, 56D, EV 105.0 MPH)
Batting: RHB D.J. Byington 0-0: Called Strike
0-1: Ground out 5-3 (Groundball, 56S, EV 85.6 MPH)
Bottom of the 3rd over - 0 runs, 1 hit, 0 errors, 1 left on base; Cleveland 1 - Boston 0
TOP OF THE 4TH
Cleveland Indians batting - Pitching for Boston Red Sox : RHP Edgar Santiago
Batting: LHB Juan Ortiz 0-0: SINGLE (Line Drive, 8RS, EV 90.0 MPH)
Batting: LHB Rodolfo Barbosa 0-0: Ball
1-0: Called Strike
1-1: Foul Ball, location: 2F
1-2: Ball
2-2: Foul Ball, location: 2F
2-2: Strikes out swinging
Batting: SHB Matt Slay 0-0: Ball
1-0: Grounds into double play, 2-6-3 (Groundball, 2R, EV 66.9 MPH)
Top of the 4th over - 0 runs, 1 hit, 0 errors, 0 left on base; Cleveland 1 - Boston 0
BOTTOM OF THE 4TH
Boston Red Sox batting - Pitching for Cleveland Indians : RHP Justin Thompson
Batting: RHB Lazaro Garcia 0-0: Ball
1-0: Ball
2-0: Foul Ball, location: 2F
2-1: Foul Ball, location: 2F
2-2: Ball
3-2: Ground out 6-3 (Groundball, 56, EV 85.0 MPH)
Batting: RHB Mike Ayala 0-0: Ball
1-0: Foul Ball, location: 2F
1-1: Foul Ball, location: 2F
1-2: Foul Ball, location: 2F
1-2: Foul Ball, location: 2F
1-2: Foul Ball, location: 2F
1-2: DOUBLE (Flyball, 89D, EV 103.1 MPH)
Batting: LHB Andy Shirey 0-0: Called Strike
0-1: Ball
1-1: Ground out 4-3 (Groundball, 4, EV 106.2 MPH)
Mike Ayala to third
Batting: RHB Bobby Brown 0-0: Called Strike
0-1: Ball
1-1: Ball
2-1: Swinging Strike
2-2: Strikes out swinging
Bottom of the 4th over - 0 runs, 1 hit, 0 errors, 1 left on base; Cleveland 1 - Boston 0
TOP OF THE 5TH
Cleveland Indians batting - Pitching for Boston Red Sox : RHP Edgar Santiago
Pitching: RHP Cesar Aguilar
Batting: LHB Jeff Franklin 0-0: Called Strike
0-1: Swinging Strike
0-2: Ball
1-2: Strikes out swinging
Batting: LHB Sean Skinner 0-0: Ball
1-0: Called Strike
1-1: Swinging Strike
1-2: Foul Ball, location: 2F
1-2: Strikes out swinging
Batting: RHB Roberto Lopes 0-0: Fly out, F9 (Flyball, 9D, EV 76.2 MPH)
Top of the 5th over - 0 runs, 0 hits, 0 errors, 0 left on base; Cleveland 1 - Boston 0
BOTTOM OF THE 5TH
Boston Red Sox batting - Pitching for Cleveland Indians : RHP Justin Thompson
Pitching: RHP Carlos Navarro
Pinch Hitting: LHB Rick Oliver 0-0: Ball
1-0: Ball
2-0: Fly out, F8 (Flyball, 8LM, EV 87.5 MPH)
Batting: RHB Mario Baro 0-0: Ball
1-0: Ground out 6-3 (Groundball, 6, EV 102.5 MPH)
Batting: RHB Jonathan Sotolongo 0-0: Swinging Strike
0-1: Ball
1-1: Ground out 4-3 (Groundball, 4S, EV 82.5 MPH)
Bottom of the 5th over - 0 runs, 0 hits, 0 errors, 0 left on base; Cleveland 1 - Boston 0
TOP OF THE 6TH
Cleveland Indians batting - Pitching for Boston Red Sox : RHP Cesar Aguilar
Now in LF: Rick Oliver
Batting: RHB Brian Hollinger 0-0: Swinging Strike
0-1: Ball
1-1: Foul Ball, location: 2F
1-2: Ball
2-2: Foul Ball, location: 2F
2-2: Strikes out swinging
Batting: LHB Jose Lombana 0-0: Fly out, F8 (Flyball, 78XD, EV 94.4 MPH)
Batting: LHB Bobby Snooks 0-0: Called Strike
0-1: Foul Ball, location: 2F
0-2: Strikes out swinging
Top of the 6th over - 0 runs, 0 hits, 0 errors, 0 left on base; Cleveland 1 - Boston 0
BOTTOM OF THE 6TH
Boston Red Sox batting - Pitching for Cleveland Indians : RHP Carlos Navarro
Batting: RHB Justin Welsh 0-0: Called Strike
0-1: Ball
1-1: Called Strike
1-2: Foul Ball, location: 2F
1-2: Foul Ball, location: 2F
1-2: Foul Ball, location: 2F
1-2: Ball
2-2: Strikes out swinging
Batting: RHB D.J. Byington 0-0: Foul Ball, location: 2F
0-1: Foul Ball, location: 2F
0-2: Ball
1-2: SINGLE (Flyball, 8RS, EV 93.8 MPH)
Batting: RHB Lazaro Garcia 0-0: Called Strike
0-1: Called Strike
0-2: Foul Ball, location: 2F
0-2: Strikes out swinging
Pinch Hitting: LHB Alfredo Gonzales 0-0: Ball
1-0: Swinging Strike
1-1: Called Strike
1-2: Strikes out swinging
Bottom of the 6th over - 0 runs, 1 hit, 0 errors, 1 left on base; Cleveland 1 - Boston 0
TOP OF THE 7TH
Cleveland Indians batting - Pitching for Boston Red Sox : RHP Cesar Aguilar
Now at SS: Andy Dover
Batting: LHB Juan Ortiz 0-0: Called Strike
0-1: Foul Ball, location: 2F
0-2: Foul Ball, location: 2F
0-2: Ball
1-2: SOLO HOME RUN (Flyball, 9D, EV 96.2 MPH), Distance : 383 ft
Batting: LHB Rodolfo Barbosa 0-0: Swinging Strike
0-1: Called Strike
0-2: Foul Ball, location: 2F
0-2: Strikes out swinging
Batting: SHB Matt Slay 0-0: Called Strike
0-1: Ball
1-1: Ball
2-1: Called Strike
2-2: Ball
3-2: Base on Balls
Pitching: RHP Chris Sheena
Batting: LHB Jeff Franklin 0-0: Ball
1-0: Ball
2-0: Ball
3-0: Called Strike
3-1: Grounds into double play, 4-6-3 (Groundball, 4, EV 88.8 MPH)
Top of the 7th over - 1 run, 1 hit, 0 errors, 0 left on base; Cleveland 2 - Boston 0
BOTTOM OF THE 7TH
Boston Red Sox batting - Pitching for Cleveland Indians : RHP Carlos Navarro
Batting: LHB Andy Shirey 0-0: Called Strike
0-1: Foul Ball, location: 2F
0-2: Fly out, F8 (Flyball, 89XD, EV 101.9 MPH)
Batting: RHB Bobby Brown 0-0: Ball
1-0: Called Strike
1-1: Called Strike
1-2: Ball
2-2: Strikes out looking
Batting: LHB Rick Oliver 0-0: Called Strike
0-1: Swinging Strike
0-2: Strikes out looking
Bottom of the 7th over - 0 runs, 0 hits, 0 errors, 0 left on base; Cleveland 2 - Boston 0
TOP OF THE 8TH
Cleveland Indians batting - Pitching for Boston Red Sox : RHP Chris Sheena
Batting: LHB Sean Skinner 0-0: Foul Ball, location: 2F
0-1: Foul Ball, location: 2F
0-2: Ball
1-2: Ground out U3 (Groundball, 34S, EV 89.4 MPH)
Batting: RHB Roberto Lopes 0-0: Ball
1-0: Swinging Strike
1-1: Ground out 6-3 (Groundball, 6, EV 90.0 MPH)
Batting: RHB Brian Hollinger 0-0: Called Strike
0-1: Called Strike
0-2: Strikes out looking
Top of the 8th over - 0 runs, 0 hits, 0 errors, 0 left on base; Cleveland 2 - Boston 0
BOTTOM OF THE 8TH
Boston Red Sox batting - Pitching for Cleveland Indians : RHP Carlos Navarro
Pitching: RHP Ben Margolis
Batting: RHB Mario Baro 0-0: Ball
1-0: Ball
2-0: Foul Ball, location: 2F
2-1: Ball
3-1: Called Strike
3-2: Ground out 4-3 (Groundball, 4, EV 103.8 MPH)
Batting: RHB Jonathan Sotolongo 0-0: Foul Ball, location: 2F
0-1: Foul Ball, location: 2F
0-2: Ball
1-2: TRIPLE (Line Drive, 78XD, EV 106.2 MPH)
Pinch Hitting: LHB Luis Rivera 0-0: Swinging Strike
0-1: Swinging Strike
0-2: Ball
1-2: Strikes out swinging
Batting: RHB D.J. Byington 0-0: Ball
1-0: Ball
2-0: Ball
3-0: Base on Balls
Batting: RHB Lazaro Garcia 0-0: Fielders Choice at 2nd, 6-4 (Groundball, 6, EV 90.6 MPH)
Bottom of the 8th over - 0 runs, 1 hit, 0 errors, 2 left on base; Cleveland 2 - Boston 0
TOP OF THE 9TH
Cleveland Indians batting - Pitching for Boston Red Sox : RHP Chris Sheena
Now at 1B: Luis Rivera
Pinch Hitting: SHB Matt Montagna 0-0: Swinging Strike
0-1: Ball
1-1: SINGLE (Groundball, P, EV 86.9 MPH) (infield hit)
Pinch Hitting: RHB Carlos Moyano 0-0: Called Strike
0-1: Ball
1-1: Called Strike
1-2: Strikes out swinging
Matt Montagna is caught stealing 2nd base 2-4
Batter strikes out.
Pinch Hitting: RHB Mike Rostro 0-0: Ball
1-0: Called Strike
1-1: Fly out, F7 (Flyball, 78S, EV 92.5 MPH)
Top of the 9th over - 0 runs, 1 hit, 0 errors, 0 left on base; Cleveland 2 - Boston 0
BOTTOM OF THE 9TH
Boston Red Sox batting - Pitching for Cleveland Indians : RHP Ben Margolis
Pitching: RHP Walter Bischoff
Now at 1B: Rocky Pfluger
Now at 2B: Omar Saavedra
Now at SS: Matt Montagna
Now in LF: Carlos Moyano
Batting: SHB Andy Dover 0-0: Ball
1-0: Foul Ball, location: 2F
1-1: Ground out U3 (Groundball, 34, EV 91.2 MPH)
Pinch Hitting: SHB Masao Matsumoto 0-0: Ball
1-0: Ball
2-0: Ball
3-0: Base on Balls
Batting: RHB Bobby Brown 0-0: Called Strike
0-1: Foul Ball, location: 2F
0-2: Strikes out looking
Batting: LHB Rick Oliver 0-0: Swinging Strike
0-1: Fly out, F9 (Flyball, 9LM, EV 98.1 MPH)
Bottom of the 9th over - 0 runs, 0 hits, 0 errors, 1 left on base; Cleveland 2 - Boston 0
Saturday, June 5th , 2021 - OOTP Baseball 22.5 Build 54